AoeStats
← Sap2DEUCE

Arabia

510442805Analyzed
1v1 RM · 22h ago on Oct 1, 2026· 19m 52s· 2 players
Game mode
Random Map
Map size
Tiny (2 player)
Population
200
Speed
Normal
Resources
Standard
Victory
Conquest
Starting age
Dark Age
Ending age
Imperial Age
RankedLock teamsTeams togetherTeam positionsShared explorationLock speedFull tech treeHidden civsTurbo modeCheats
Victory
Defeat
🇦🇷 Cumans · Argentina
456
+9
🇺🇸 Huns · United States
292
-9
Sap2DEUCE
12:08 Feudal Age
10:24 Loom
13:45 Horse Collar
14:10 Town Watch
15:06 Wheelbarrow
emanacho6302
8:04 Loom
13:36 Feudal Age
15:51 Wheelbarrow
18:54 Man-at-Arms
Connection lost

Rejoining the realm…

Still unreachable

The connection could not be restored.

Session expired

The server has moved on; the page needs a fresh start.